Description

serral 3 base opener from seral vs clem iem katowice 2021

Build Order

Get SALT Encoding   

  13  0:13  Overlord  
  16  0:48  Hatchery  
  18  1:08  Extractor  
  17  1:13  Spawning Pool  
  21  1:59  Queen x2  
  25  2:00  Zergling x2  use these zerglings to scout entire map / defend
  27  2:11  Overlord  
  28  2:22  Hatchery  
  31  2:41  Queen  
  33  2:46  Metabolic Boost  
  33  2:51  Overlord  
  35  3:07  Overlord  
  39  3:17  Queen  
  41  3:18  Zergling  
  43  3:26  Queen  
  45  3:34  Queen  
  49  3:40  Overlord  
  49  3:42  Zergling x2  
Spawning Tool Build Advisor. Get it on Overwolf

Analysis

Serral timing for a 3 base opener. In the game this build is from he is playing against clems terran and goes into banelings

Go to:

Details

  • Created by: Jummy
  • Published on: Apr 13, 2022
  • Modified on: Apr 13, 2022
  • Patch: 4.11.0
  • Difficulty: Medium
Show
View Real Time Build Order
Export as new Build Order

Comments (0)

There are no comments. Be the first!

Create an account to comment!